TOP OF THE 1ST |
San Francisco Giants batting - Pitching for Arizona Diamondbacks : RHP Nate Machado
|
Pitching: RHP Nate Machado
|
|
Batting: LHB Andy Bowman
|
0-0: Called Strike 0-1: Swinging Strike 0-2: Strikes out looking
|
Batting: SHB Ryan Doss
|
0-0: Called Strike 0-1: Ground out 4-3 (Groundball, 34, EV 111.2 MPH)
|
Batting: RHB Sean Zielinski
|
0-0: Called Strike 0-1: Ground out 4-3 (Groundball, 34D, EV 104.4 MPH)
|
Top of the 1st over - 0 runs, 0 hits, 0 errors, 0 left on base; San Francisco 0 - Arizona 0 |
BOTTOM OF THE 1ST |
Arizona Diamondbacks batting - Pitching for San Francisco Giants : RHP Ricky Rodriguez
|
Pitching: RHP Ricky Rodriguez
|
|
Batting: RHB Katilimomi Kelekolio
|
0-0: Called Strike 0-1: Swinging Strike 0-2: Ball 1-2: Fly out, F8 (Flyball, 8RXD, EV 110.0 MPH)
|
Batting: LHB Roy Steigerwald
|
0-0: Foul Ball, location: 2F 0-1: Ball 1-1: Ball 2-1: Fly out, F4 (Popup, 4S, EV 85.0 MPH)
|
Batting: SHB Alec Thorpe
|
0-0: Ball 1-0: Ball 2-0: Called Strike 2-1: Called Strike 2-2: Strikes out looking
|
Bottom of the 1st over - 0 runs, 0 hits, 0 errors, 0 left on base; San Francisco 0 - Arizona 0 |
TOP OF THE 2ND |
San Francisco Giants batting - Pitching for Arizona Diamondbacks : RHP Nate Machado
|
Batting: LHB Jack Henningar
|
0-0: Ball 1-0: Foul Ball, location: 2F 1-1: Ball 2-1: SOLO HOME RUN (Flyball, 78XD, EV 106.2 MPH), Distance : 417 ft
|
Batting: RHB Nick Rigden
|
0-0: Ball 1-0: Ball 2-0: Ball 3-0: Called Strike 3-1: Fly out, F9 (Line Drive, 9, EV 109.4 MPH)
|
Batting: LHB Carey Horncole
|
0-0: Called Strike 0-1: Ball 1-1: SOLO HOME RUN (Line Drive, 89XD, EV 106.2 MPH), Distance : 431 ft
|
Batting: RHB Lucan Esini
|
0-0: Ball 1-0: Ground out 2-3 (Groundball, 13S, EV 64.4 MPH)
|
Batting: SHB Bill Dooms
|
0-0: Called Strike 0-1: Swinging Strike 0-2: Ball 1-2: Ball 2-2: Ground out U3 (Groundball, 3, EV 96.2 MPH)
|
Top of the 2nd over - 2 runs, 2 hits, 0 errors, 0 left on base; San Francisco 2 - Arizona 0 |
BOTTOM OF THE 2ND |
Arizona Diamondbacks batting - Pitching for San Francisco Giants : RHP Ricky Rodriguez
|
Batting: LHB Joel Kunkler
|
0-0: Called Strike 0-1: Ball 1-1: Ball 2-1: Ball 3-1: Base on Balls
|
Batting: RHB Andy Swaim
|
0-0: Ball 1-0: Ball 2-0: Foul Ball, location: 2F 2-1: Foul Ball, location: 2F 2-2: Ball 3-2: Fly out, F7 (Flyball, 78S, EV 90.6 MPH)
|
Batting: LHB Bobby Arevalo
|
0-0: Ball 1-0: Ball 2-0: Ball 3-0: Called Strike 3-1: Foul Ball, location: 2F 3-2: Strikes out swinging
|
Batting: LHB Jason Peck
|
0-0: Called Strike 0-1: Foul Ball, location: 2F 0-2: Fly out, F7 (Flyball, 78M, EV 91.2 MPH)
|
Bottom of the 2nd over - 0 runs, 0 hits, 0 errors, 1 left on base; San Francisco 2 - Arizona 0 |
TOP OF THE 3RD |
San Francisco Giants batting - Pitching for Arizona Diamondbacks : RHP Nate Machado
|
Batting: LHB John Blair
|
0-0: Called Strike 0-1: Foul Ball, location: 2F 0-2: Strikes out looking
|
Batting: LHB Andy Bowman
|
0-0: Foul Ball, location: 2F 0-1: Ball 1-1: Swinging Strike 1-2: Strikes out swinging
|
Batting: SHB Ryan Doss
|
0-0: Ball 1-0: Called Strike 1-1: Ball 2-1: Swinging Strike 2-2: Ball 3-2: Foul Ball, location: 2F 3-2: Strikes out swinging
|
Top of the 3rd over - 0 runs, 0 hits, 0 errors, 0 left on base; San Francisco 2 - Arizona 0 |
BOTTOM OF THE 3RD |
Arizona Diamondbacks batting - Pitching for San Francisco Giants : RHP Ricky Rodriguez
|
Batting: SHB Salvador Aragon
|
0-0: Ball 1-0: Ball 2-0: Called Strike 2-1: SOLO HOME RUN (Flyball, 7LD, EV 94.4 MPH), Distance : 356 ft
|
Batting: LHB Mike Mentzer
|
0-0: Called Strike 0-1: DOUBLE (Flyball, 8LXD, EV 109.4 MPH)
|
Batting: RHB Katilimomi Kelekolio
|
0-0: Swinging Strike 0-1: Called Strike 0-2: Foul Ball, location: 2F 0-2: SINGLE (Groundball, 56D, EV 96.2 MPH) Mike Mentzer to third
|
Batting: LHB Roy Steigerwald
|
0-0: Ball 1-0: Grounds into double play, 6-4-3 (Groundball, 6, EV 90.0 MPH) Mike Mentzer scores
|
Batting: SHB Alec Thorpe
|
0-0: Foul Ball, location: 2F 0-1: Swinging Strike 0-2: Ball 1-2: Strikes out swinging
|
Bottom of the 3rd over - 2 runs, 3 hits, 0 errors, 0 left on base; San Francisco 2 - Arizona 2 |
TOP OF THE 4TH |
San Francisco Giants batting - Pitching for Arizona Diamondbacks : RHP Nate Machado
|
Batting: RHB Sean Zielinski
|
0-0: Ball 1-0: Foul Ball, location: 2F 1-1: Foul Ball, location: 2F 1-2: Fly out, F9 (Flyball, 9, EV 75.0 MPH)
|
Batting: LHB Jack Henningar
|
0-0: Called Strike 0-1: Foul Ball, location: 2F 0-2: TRIPLE (Flyball, 89XD, EV 105.6 MPH)
|
Batting: RHB Nick Rigden
|
0-0: Ball 1-0: Ball 2-0: Called Strike 2-1: Swinging Strike 2-2: Foul Ball, location: 2F 2-2: Ground out 6-3 (Groundball, 6M, EV 84.4 MPH) Jack Henningar scores
|
Batting: LHB Carey Horncole
|
0-0: Ball 1-0: Called Strike 1-1: SOLO HOME RUN (Flyball, 9D, EV 98.8 MPH), Distance : 382 ft
|
Batting: RHB Lucan Esini
|
0-0: Foul Ball, location: 2F 0-1: Called Strike 0-2: Ball 1-2: Ball 2-2: Ball 3-2: Base on Balls
|
Batting: SHB Bill Dooms
|
0-0: Fly out, F8 (Flyball, 8RD, EV 94.4 MPH)
|
Top of the 4th over - 2 runs, 2 hits, 0 errors, 1 left on base; San Francisco 4 - Arizona 2 |
BOTTOM OF THE 4TH |
Arizona Diamondbacks batting - Pitching for San Francisco Giants : RHP Ricky Rodriguez
|
Batting: LHB Joel Kunkler
|
0-0: Called Strike 0-1: Ball 1-1: Ball 2-1: Ball 3-1: Called Strike 3-2: Hit by Pitch
|
Batting: RHB Andy Swaim
|
0-0: Ball 1-0: Fly out, F4 (Popup, 34, EV 70.6 MPH)
|
Batting: LHB Bobby Arevalo
|
0-0: Foul Ball, location: 2F 0-1: Ball 1-1: Swinging Strike 1-2: Reached on error, E6 (Groundball, 6, EV 93.8 MPH) Joel Kunkler to second
|
Batting: LHB Jason Peck
|
0-0: Foul Ball, location: 2F 0-1: Swinging Strike 0-2: Foul Ball, location: 2F 0-2: Ball 1-2: DOUBLE (Line Drive, 7LS, EV 100.6 MPH) Joel Kunkler scores Bobby Arevalo to third Runner from 3rd tries for Home, SAFE, no throw by LF
|
Batting: SHB Salvador Aragon
|
0-0: Called Strike 0-1: Ball 1-1: Ball 2-1: Foul Ball, location: 2F 2-2: Strikes out swinging
|
Batting: LHB Mike Mentzer
|
0-0: Ball 1-0: Ball 2-0: Ball 3-0: Called Strike 3-1: SINGLE (Groundball, 34D, EV 106.2 MPH) Jason Peck to third Runner from 3rd tries for Home, SAFE, throw by RF to home
|
Pitching: RHP Tim Welshman
|
|
Batting: RHB Katilimomi Kelekolio
|
0-0: Called Strike 0-1: Ball 1-1: Swinging Strike 1-2: Foul Ball, location: 2F 1-2: Foul Ball, location: 2F 1-2: Ball 2-2: Strikes out looking
|
Bottom of the 4th over - 3 runs, 2 hits, 1 error, 1 left on base; San Francisco 4 - Arizona 5 |
TOP OF THE 5TH |
San Francisco Giants batting - Pitching for Arizona Diamondbacks : RHP Nate Machado
|
Batting: LHB John Blair
|
0-0: Ground out U3 (Groundball, 3, EV 86.9 MPH)
|
Batting: LHB Andy Bowman
|
0-0: SOLO HOME RUN (Line Drive, 89XD, EV 103.8 MPH), Distance : 410 ft
|
Pitching: RHP David Mendoza
|
|
Batting: SHB Ryan Doss
|
0-0: Ball 1-0: DOUBLE (Groundball, 3L, EV 105.6 MPH)
|
Batting: RHB Sean Zielinski
|
0-0: Called Strike 0-1: Swinging Strike 0-2: Ground out 6-3 (Groundball, P, EV 82.5 MPH) Ryan Doss to third
|
Batting: LHB Jack Henningar
|
0-0: Ball 1-0: Called Strike 1-1: Ball 2-1: Ball 3-1: Base on Balls
|
Batting: RHB Nick Rigden
|
0-0: Ball 1-0: Ground out 5-3 (Groundball, 56S, EV 68.8 MPH)
|
Top of the 5th over - 1 run, 2 hits, 0 errors, 2 left on base; San Francisco 5 - Arizona 5 |
BOTTOM OF THE 5TH |
Arizona Diamondbacks batting - Pitching for San Francisco Giants : RHP Tim Welshman
|
Batting: LHB Roy Steigerwald
|
0-0: Called Strike 0-1: Called Strike 0-2: Foul Ball, location: 2F 0-2: Ball 1-2: Ball 2-2: Foul Ball, location: 2F 2-2: Strikes out swinging
|
Batting: SHB Alec Thorpe
|
0-0: Foul Ball, location: 2F 0-1: Called Strike 0-2: Ball 1-2: SINGLE (Groundball, 34D, EV 96.2 MPH)
|
Batting: LHB Joel Kunkler
|
0-0: Called Strike Alec Thorpe steals 2nd, throwing error, E2 Alec Thorpe to third 0-1: Swinging Strike 0-2: Fly out, F8 (Flyball, 8RXD, EV 91.9 MPH) Runner from 3rd tags up, SCORES, no throw by CF
|
Batting: RHB Andy Swaim
|
0-0: Called Strike 0-1: Ball 1-1: Foul Ball, location: 2F 1-2: Strikes out swinging
|
Bottom of the 5th over - 1 run, 1 hit, 1 error, 0 left on base; San Francisco 5 - Arizona 6 |
TOP OF THE 6TH |
San Francisco Giants batting - Pitching for Arizona Diamondbacks : RHP David Mendoza
|
Batting: LHB Carey Horncole
|
0-0: Ball 1-0: SINGLE (Groundball, 6MS, EV 68.8 MPH) (infield hit)
|
Batting: RHB Lucan Esini
|
0-0: Ball 1-0: Ball Wild Pitch! Carey Horncole to second 2-0: Foul Ball, location: 2F 2-1: Ball 3-1: Swinging Strike 3-2: Strikes out looking
|
Batting: SHB Bill Dooms
|
0-0: Foul Ball, location: 2F 0-1: Foul Ball, location: 2F 0-2: Foul Ball, location: 2F 0-2: Strikes out swinging
|
Batting: LHB John Blair
|
0-0: Ball 1-0: Swinging Strike 1-1: Called Strike 1-2: Ball 2-2: Foul Ball, location: 2F 2-2: Ball 3-2: SINGLE (Line Drive, 78S, EV 111.2 MPH) Carey Horncole to third Runner from 3rd tries for Home, SAFE, throw by CF to home
|
Batting: LHB Andy Bowman
|
0-0: Called Strike 0-1: Ball 1-1: Foul Ball, location: 2F 1-2: Ball 2-2: Strikes out swinging
|
Top of the 6th over - 1 run, 2 hits, 0 errors, 1 left on base; San Francisco 6 - Arizona 6 |
BOTTOM OF THE 6TH |
Arizona Diamondbacks batting - Pitching for San Francisco Giants : RHP Tim Welshman
|
Batting: LHB Bobby Arevalo
|
0-0: Ball 1-0: Called Strike 1-1: Foul Ball, location: 2F 1-2: Ground out 5-3 (Groundball, 56S, EV 78.8 MPH)
|
Batting: LHB Jason Peck
|
0-0: Called Strike 0-1: Ball 1-1: Ball 2-1: DOUBLE (Line Drive, 78D, EV 106.2 MPH)
|
Batting: SHB Salvador Aragon
|
0-0: Ball 1-0: 2-RUN HOME RUN (Flyball, 89XD, EV 105.6 MPH), Distance : 403 ft
|
Pitching: RHP Alex Montes
|
|
Batting: LHB Mike Mentzer
|
0-0: Ball 1-0: Foul Ball, location: 2F 1-1: Ball 2-1: Foul Ball, location: 2F 2-2: Strikes out swinging
|
Batting: RHB Katilimomi Kelekolio
|
0-0: Foul Ball, location: 2F 0-1: Ball 1-1: Swinging Strike 1-2: Hit by Pitch
|
Batting: LHB Roy Steigerwald
|
0-0: Ball Katilimomi Kelekolio is caught stealing 2nd base 2-6
|
Bottom of the 6th over - 2 runs, 2 hits, 0 errors, 0 left on base; San Francisco 6 - Arizona 8 |
TOP OF THE 7TH |
San Francisco Giants batting - Pitching for Arizona Diamondbacks : RHP David Mendoza
|
Pitching: RHP Stanford Placard
|
|
Batting: SHB Ryan Doss
|
0-0: Called Strike 0-1: Called Strike 0-2: Ball 1-2: Strikes out swinging
|
Batting: RHB Sean Zielinski
|
0-0: SINGLE (Line Drive, 78S, EV 87.5 MPH)
|
Batting: LHB Jack Henningar
|
0-0: Fly out, F4 (Line Drive, 4, EV 66.9 MPH)
|
Batting: RHB Nick Rigden
|
0-0: Ball 1-0: Foul Ball, location: 2F 1-1: Fly out, F8 (Flyball, 8LXD, EV 88.8 MPH)
|
Top of the 7th over - 0 runs, 1 hit, 0 errors, 1 left on base; San Francisco 6 - Arizona 8 |
BOTTOM OF THE 7TH |
Arizona Diamondbacks batting - Pitching for San Francisco Giants : RHP Alex Montes
|
Batting: LHB Roy Steigerwald
|
0-0: Called Strike 0-1: Ball 1-1: Ball 2-1: Foul Ball, location: 2F 2-2: Fly out, F4 (Line Drive, 4M, EV 66.9 MPH)
|
Batting: SHB Alec Thorpe
|
0-0: Foul Ball, location: 2F 0-1: Ball 1-1: Called Strike 1-2: Foul Ball, location: 2F 1-2: Ball 2-2: Strikes out swinging
|
Batting: LHB Joel Kunkler
|
0-0: Ball 1-0: Swinging Strike 1-1: Foul Ball, location: 2F 1-2: Strikes out swinging
|
Bottom of the 7th over - 0 runs, 0 hits, 0 errors, 0 left on base; San Francisco 6 - Arizona 8 |
TOP OF THE 8TH |
San Francisco Giants batting - Pitching for Arizona Diamondbacks : RHP Stanford Placard
|
Pitching: RHP Tong-myeon Moon
|
|
Batting: LHB Carey Horncole
|
0-0: Swinging Strike 0-1: Ball 1-1: Ground out 6-3 (Groundball, 6D, EV 105.0 MPH)
|
Batting: RHB Lucan Esini
|
0-0: Ball 1-0: Swinging Strike 1-1: Ball 2-1: SINGLE (Line Drive, 3L, EV 95.0 MPH)
|
Batting: SHB Bill Dooms
|
0-0: Ball 1-0: Ball 2-0: Called Strike 2-1: Foul Ball, location: 2F 2-2: Ball 3-2: Strikes out swinging
|
Batting: LHB John Blair
|
0-0: Called Strike 0-1: Called Strike 0-2: Strikes out swinging
|
Top of the 8th over - 0 runs, 1 hit, 0 errors, 1 left on base; San Francisco 6 - Arizona 8 |
BOTTOM OF THE 8TH |
Arizona Diamondbacks batting - Pitching for San Francisco Giants : RHP Alex Montes
|
Pitching: LHP Caleb Mullinax
|
|
Batting: RHB Andy Swaim
|
0-0: Called Strike 0-1: Called Strike 0-2: Ball 1-2: Strikes out swinging
|
Batting: LHB Bobby Arevalo
|
0-0: Foul Ball, location: 2F 0-1: Called Strike 0-2: DOUBLE (Flyball, 8LXD, EV 103.1 MPH)
|
Batting: LHB Jason Peck
|
0-0: Ball 1-0: Ball 2-0: Fly out, F7 (Flyball, 7LSF, EV 74.4 MPH)
|
Batting: SHB Salvador Aragon
|
0-0: Intentional Walk
|
Batting: LHB Mike Mentzer
|
0-0: Called Strike 0-1: Foul Ball, location: 2F 0-2: Fielders Choice at 2nd, 6-4 (Groundball, 6, EV 85.6 MPH)
|
Bottom of the 8th over - 0 runs, 1 hit, 0 errors, 2 left on base; San Francisco 6 - Arizona 8 |
TOP OF THE 9TH |
San Francisco Giants batting - Pitching for Arizona Diamondbacks : RHP Tong-myeon Moon
|
Pitching: LHP Mario Valdivia
|
|
Batting: LHB Andy Bowman
|
0-0: Ball 1-0: Called Strike 1-1: DOUBLE (Flyball, 8LXD, EV 101.2 MPH)
|
Batting: SHB Ryan Doss
|
0-0: Foul Ball, location: 2F 0-1: Ball 1-1: Ground out 5-3 (Groundball, 56, EV 101.9 MPH)
|
Batting: RHB Sean Zielinski
|
0-0: Foul Ball, location: 2F 0-1: Called Strike 0-2: Strikes out looking
|
Batting: LHB Jack Henningar
|
0-0: Ball 1-0: Foul Ball, location: 2F 1-1: Foul Ball, location: 2F 1-2: Ground out 6-3 (Groundball, 6, EV 80.0 MPH)
|
Top of the 9th over - 0 runs, 1 hit, 0 errors, 1 left on base; San Francisco 6 - Arizona 8 |
|